 Dungeon Crawl Stone Soup version 0.21-a0-578-gc6e9d75 (webtiles) character file.

3663 empire the Covered (level 10, 0/75 HPs)
             Began as a Gnoll Wanderer on Dec 14, 2017.
             Was a Follower of Nemelex Xobeh.
             Slain by a wyvern zombie (4 damage)
             ... on level 7 of the Dungeon on Dec 18, 2017.
             The game lasted 00:25:42 (8248 turns).

empire the Covered (Gnoll Wanderer)                 Turns: 8248, Time: 00:25:42

Health: 0/75       AC:  8    Str: 14 (17) XL:     10   Next: 12%
Magic:  17/17      EV: 11    Int: 16      God:    Nemelex Xobeh [*.....]
Gold:   276        SH:  9    Dex: 13 (14) Spells: 6/18 levels left

rFire    . . .     SeeInvis .   b - +3 scimitar
rCold    + + .     Gourm    .   h - +0 shield
rNeg     . . .     Faith    +   s - +0 ring mail
rPois    .         Spirit   .   v - +2 hat
rElec    .         Reflect  .   j - scarf {rC+ rF+}
rCorr    .         Harm     .   (no gloves)
MR       .....                  (no boots)
Stlth    +++++.....             B - amulet of faith
HPRegen  0.22/turn              L - ring of Shadows {Umbra +Inv Stlth+}
MPRegen  0.15/turn              A - ring of ice

@: lethally poisoned (0 -> 0), very slightly contaminated, hasted, wreathed by
umbra, invisible, very quick
A: distributed training, fangs 1, strong nose
a: Renounce Religion


You were on level 7 of the Dungeon.
You worshipped Nemelex Xobeh.
Nemelex Xobeh was aware of your devotion.
You were hungry.

You visited 2 branches of the dungeon, and saw 8 of its levels.
You also visited: Sewer.

You collected 276 gold pieces.

Inventory:

Hand Weapons
 a - a +2 short sword of speed
 b - a +3 scimitar (weapon)
 e - a +1 scythe of venom
 i - a +2 flail of holy wrath
 k - a +3 war axe of distortion
 u - a +2 spear
 w - a +0 dagger of venom
 y - a +1 whip of holy wrath
 F - the +8 flail "Xukeshuz" {speed, rF+ Int+2}
   (You found it on level 7 of the Dungeon)

   Attacks with this weapon are significantly faster.
   It affects your intelligence (+2).
   It protects you from fire.
 G - a cursed -3 flail
 H - a +2 flail of draining
Armour
 h - a +0 shield (worn)
 j - a scarf of resistance (worn)
 l - the +2 plate armour of Generosity {rF+}
   (You found it on level 7 of the Dungeon)

   It protects you from fire.
 q - a +0 plate armour
 s - a +0 ring mail (worn)
 v - a +2 hat (worn)
 C - the -7 cloak "Cywoceh" {rCorr Str+3 SInv}
   (You found it on level 4 of the Dungeon)

   It affects your strength (+3).
   It lets you see invisible.
   It protects you from acid and corrosion.
 E - a +3 scale mail of poison resistance
 J - +1 ice dragon scales
Magical Staves
 I - an uncursed staff of earth {unknown}
 K - an uncursed staff of power {unknown}
Jewellery
 z - an uncursed ring of teleportation
 A - a ring of ice (right hand)
 B - an amulet of faith (around neck)
 L - the ring of Shadows (left hand) {Umbra +Inv Stlth+}
   (You found it on level 7 of the Dungeon)

   [ring of stealth]

   It lets you turn invisible.
   It makes you more stealthy.
Wands
 p - a wand of paralysis (4)
Scrolls
 c - a scroll of teleportation
 d - 2 scrolls of enchant weapon
 n - a scroll of magic mapping
 t - a scroll of amnesia
 N - a scroll of identify
Potions
 o - a potion of mutation
 r - a potion of cancellation
 D - a potion of flight
Books
 g - a book of Frost

   Spells                             Type                      Level
   a - Freeze                         Ice                          1
   b - Throw Frost                    Conjuration/Ice              2
   c - Ozocubu's Armour               Charms/Ice                   3
   d - Throw Icicle                   Conjuration/Ice              4
   e - Summon Ice Beast               Ice/Summoning                4
Comestibles
 f - 6 rations


   Skills:
 + Level 5.6 Fighting
 + Level 4.9 Short Blades
 + Level 4.9 Long Blades
 + Level 6.8 Axes
 + Level 4.9 Maces & Flails
 + Level 4.9 Polearms
 + Level 4.9 Staves
 + Level 4.9 Slings
 + Level 4.9 Bows
 + Level 4.9 Crossbows
 + Level 4.9 Throwing
 + Level 6.8 Armour
 + Level 4.9 Dodging
 + Level 5.5 Stealth
 + Level 4.9 Shields
 + Level 4.9 Unarmed Combat
 + Level 4.9 Spellcasting
 + Level 4.0 Conjurations
 + Level 4.0 Hexes
 + Level 4.0 Charms
 + Level 4.0 Summonings
 + Level 4.0 Necromancy
 + Level 4.0 Translocations
 + Level 4.6 Transmutations
 + Level 4.0 Fire Magic
 + Level 5.6 Ice Magic
 + Level 4.0 Air Magic
 + Level 4.0 Earth Magic
 + Level 4.0 Poison Magic
 + Level 5.3 Invocations
 + Level 5.6 Evocations


You had 6 spell levels left.
You knew the following spells:

 Your Spells              Type           Power        Failure   Level  Hunger
a - Ozocubu's Armour      Chrm/Ice       ####....     38%         3    ###....
b - Freeze                Ice            ####         11%         1    None
d - Throw Icicle          Conj/Ice       ####....     80%         4    ####...
e - Summon Ice Beast      Ice/Summ       ####....     80%         4    ####...


Dungeon Overview and Level Annotations

Branches:
Dungeon (7/15)             Temple (1/1) D:5

Altars:
Ashenzari
Cheibriados
Dithmenos
Elyvilon
Fedhas
Gozag
Hepliaklqana
Kikubaaqudgha
Makhleb
Nemelex Xobeh
Okawaru
Qazlal
Ru
Sif Muna
Uskayaw
Vehumet
Yredelemnul
Zin
The Shining One

Annotations:
Abyss:1 Grinder


Innate Abilities, Weirdness & Mutations

Your experience applies equally to all skills.
You have very sharp teeth.
Your uncanny sense of smell can sniff out nearby items.


Message History

You barely miss the wyvern zombie.
The wyvern zombie is heavily damaged.
The wyvern zombie misses you.
The crimson imp grinds its teeth.
You barely miss the wyvern zombie.
The wyvern zombie is heavily damaged.
You block the wyvern zombie's attack.
You slash the wyvern zombie!
The wyvern zombie is severely damaged.
You feel sick. You block the wyvern zombie's attack.
You hit the wyvern zombie.
The wyvern zombie is severely damaged.
You hit the wyvern zombie.
The wyvern zombie is severely damaged.
You hit the wyvern zombie.
The wyvern zombie is severely damaged.
The wyvern zombie bites you but does no damage.
The wyvern zombie bites you.
You die...
Your body glows slightly and disappears.

.# #..##### #.# # .#
∆#......# #.# # ##
#+###..###.##
##.########## #
...##..#...#
##............
#..##.....#
#.....########
#..##....# ##....# .
#..#.#.## ##.#.#
....##.#..o########.#.#
.......((.W5Z@....(...#
....##.#(##########.###
. #..#(# #. #.)##.#
#..# ..# ...# .... #+##
..... ∆ #...... #...>.#


You could see a phantom, a crimson imp, an orc and a wyvern zombie.

Vanquished Creatures
  A two-headed ogre (D:7)
  A komodo dragon (D:7)
  Sigmund (D:4)
  A yak (D:7)
  A wyvern (D:7)
  Eustachio (D:5)
  A black bear (D:7)
  A necrophage (D:4)
  An ogre (D:5)
  A phantom (D:6)
  An ice beast (D:5)
  3 centaurs
  3 bullfrogs
  The ghost of Thaneod the Magician, an amateur DEAE (Sewer)
  2 wights (D:6)
  6 crimson imps
  A centaur zombie (D:5)
  A hound (D:4)
  A jelly (D:5)
  A bullfrog zombie (D:7)
  3 orc wizards
  2 iguanas
  A worker ant (D:7)
  2 hound zombies
  A hound skeleton (D:6)
  12 adders
  2 oozes
  An adder skeleton (D:4)
  4 worms
  4 dart slugs
  5 leopard geckos
  21 orcs
  7 giant cockroaches
  3 goblins
  4 hobgoblins
  10 jackals
  7 kobolds
  4 quokkas
  4 ball pythons
  10 bats
  7 frilled lizards
  2 giant cockroach zombies
  A jackal zombie (D:5)
  A leopard gecko zombie (D:7)
  A quokka skeleton (D:4)
  8 rats
157 creatures vanquished.

Vanquished Creatures (collateral kills)
  A big kobold (Sewer)
  2 kobolds (Sewer)
3 creatures vanquished.

Vanquished Creatures (others)
  A black bear (D:5)
  A scorpion (D:5)
  2 wights (D:6)
  An orc priest (D:5)
  An adder (D:5)
  An orc (D:5)
  A plant (D:6)
8 creatures vanquished.

Grand Total: 168 creatures vanquished

Notes
Turn   | Place    | Note
-------+----------+-------------------------------------------
     0 | D:1      | empire the Gnoll Wanderer began the quest for the Orb.
     0 | D:1      | empire set off with: a book of Frost, a +0 hand axe, a scroll of teleportation, a +0 robe, a bread ration
     0 | D:1      | Reached XP level 1. HP: 17/17 MP: 2/2
   158 | D:1      | Reached XP level 2. HP: 14/23 MP: 3/3
   478 | D:1      | Upgraded the game from 0.21-a0-536-gdbbf329 to 0.21-a0-578-gc6e9d75
   872 | D:1      | Reached XP level 3. HP: 28/28 MP: 4/4
  1207 | D:2      | Reached skill level 1 in Invocations
  1433 | D:2      | Reached skill level 1 in Short Blades
  1433 | D:2      | Reached skill level 1 in Long Blades
  1433 | D:2      | Reached skill level 1 in Maces & Flails
  1433 | D:2      | Reached skill level 1 in Polearms
  1433 | D:2      | Reached skill level 1 in Staves
  1433 | D:2      | Reached skill level 1 in Slings
  1433 | D:2      | Reached skill level 1 in Bows
  1433 | D:2      | Reached skill level 1 in Crossbows
  1433 | D:2      | Reached skill level 1 in Throwing
  1433 | D:2      | Reached skill level 1 in Dodging
  1433 | D:2      | Reached skill level 1 in Shields
  1433 | D:2      | Reached skill level 1 in Unarmed Combat
  1433 | D:2      | Reached skill level 1 in Spellcasting
  1433 | D:2      | Reached XP level 4. HP: 30/34 MP: 4/6
  1468 | D:2      | Found a burning altar of Makhleb.
  2326 | D:2      | Reached skill level 1 in Conjurations
  2326 | D:2      | Reached skill level 1 in Hexes
  2326 | D:2      | Reached skill level 1 in Charms
  2326 | D:2      | Reached skill level 1 in Summonings
  2326 | D:2      | Reached skill level 1 in Necromancy
  2326 | D:2      | Reached skill level 1 in Translocations
  2326 | D:2      | Reached skill level 1 in Fire Magic
  2326 | D:2      | Reached skill level 1 in Air Magic
  2326 | D:2      | Reached skill level 1 in Earth Magic
  2326 | D:2      | Reached skill level 1 in Poison Magic
  2847 | D:3      | Reached XP level 5. HP: 40/40 MP: 7/7
  3478 | D:4      | Learned a level 3 spell: Ozocubu's Armour
  3480 | D:4      | Learned a level 1 spell: Freeze
  3483 | D:4      | Learned a level 2 spell: Throw Frost
  3500 | D:4      | Got a crude cloak
  3511 | D:4      | Identified the cursed -7 cloak "Cywoceh" {rCorr Str+3 SInv} (You found it on level 4 of the Dungeon)
  3580 | D:4      | Noticed a necrophage
  3604 | D:4      | Killed a necrophage
  3604 | D:4      | Reached XP level 6. HP: 15/47 MP: 8/8
  4132 | D:4      | Noticed Sigmund
  4152 | D:4      | Killed Sigmund
  4152 | D:4      | Reached skill level 5 in Axes
  4152 | D:4      | Reached skill level 5 in Armour
  4152 | D:4      | Reached XP level 7. HP: 18/52 MP: 8/10
  4461 | D:4      | Found a blossoming altar of Fedhas.
  4624 | D:5      | Entered Level 5 of the Dungeon
  4624 | D:5      | Noticed Grinder
  4630 | D:5      | Found a staircase to the Ecumenical Temple.
  4671 | Temple   | Entered the Ecumenical Temple
  4717 | Temple   | Became a worshipper of Nemelex Xobeh the Trickster
  4801 | D:5      | Received a gift from Nemelex Xobeh
  4817 | D:5      | Found a sacrificial altar of Ru.
  4860 | D:5      | Reached XP level 8. HP: 31/60 MP: 12/12
  4881 | D:5      | Found a glowing drain.
  4891 | Sewer    | Entered a sewer
  5076 | Sewer    | Noticed Thaneod's ghost (amateur DEAE)
  5093 | Sewer    | Killed Thaneod's ghost
  5212 | Sewer    | Learned a level 4 spell: Throw Icicle
  5311 | Sewer    | Found a white marble altar of Elyvilon.
  5501 | D:5      | Noticed Eustachio
  5504 | D:5      | Paralysed by Grinder for 3 turns
  5509 | D:5      | Banished Grinder
  5523 | D:5      | Killed Eustachio
  5930 | D:6      | HP: 2/61 [orc/trident (5)]
  6336 | D:6      | Reached XP level 9. HP: 60/66 MP: 14/14
  6355 | D:6      | Found a glowing silver altar of Zin.
  6362 | D:6      | Found a radiant altar of Vehumet.
  6370 | D:6      | Found a deep blue altar of Sif Muna.
  6480 | D:6      | Reached * piety under Nemelex Xobeh
  6560 | D:6      | Reached skill level 5 in Ice Magic
  6921 | D:6      | Learned a level 4 spell: Summon Ice Beast
  7325 | D:7      | Noticed a two-headed ogre
  7329 | D:7      | Found the ring of Shadows {Umbra +Inv Stlth+}
  7344 | D:7      | Killed a two-headed ogre
  7344 | D:7      | Reached skill level 5 in Fighting
  7344 | D:7      | Reached skill level 5 in Stealth
  7344 | D:7      | Reached skill level 5 in Evocations
  7364 | D:7      | Noticed a komodo dragon
  7379 | D:7      | Killed a komodo dragon
  7379 | D:7      | Reached skill level 5 in Invocations
  7598 | D:7      | Reached XP level 10. HP: 19/74 MP: 15/17
  7863 | D:7      | Got a steaming plate armour
  7867 | D:7      | Got an ichor-stained flail
  7882 | D:7      | Identified the +2 plate armour of Generosity {rF+} (You found it on level 7 of the Dungeon)
  7883 | D:7      | Identified the +8 flail "Xukeshuz" {speed, rF+ Int+2} (You found it on level 7 of the Dungeon)
  8248 | D:7      | Slain by a wyvern zombie

Vault maps used:
D:1:      roderic_chinese_lattice_arrival
D:2:      lemuel_round_altar
D:4:      kennysheep_little_box, uniq_sigmund
D:5:      nicolae_overflow_hidden_temple, minmay_temple_entry_glass,
          first_ration, cheibrodos_sewer_entry_bend, lemuel_old_faithful,
          uniq_eustachio, uniq_grinder
D:6:      gammafunk_temple_overflow_forgotten
D:7:      minmay_the_grid_octo_tiled_squarecenter, overflow_temple_1_default,
          serial_shops, shop
Temple:   cyrus_circular_temple
Sewer:    sewer_kobolds

Skill      XL: |  1  2  3  4  5  6  7  8  9 10 |
---------------+-------------------------------+-----
Transmutations | 2 3 4 |  4.6
Invocations    | 1 2 3 4 5 |  5.3
Short Blades   | 1 2 3 4 |  4.9
Long Blades    | 1 2 3 4 |  4.9
Maces & Flails | 1 2 3 4 |  4.9
Polearms       | 1 2 3 4 |  4.9
Staves         | 1 2 3 4 |  4.9
Slings         | 1 2 3 4 |  4.9
Bows           | 1 2 3 4 |  4.9
Crossbows      | 1 2 3 4 |  4.9
Throwing       | 1 2 3 4 |  4.9
Dodging        | 1 2 3 4 |  4.9
Shields        | 1 2 3 4 |  4.9
Unarmed Combat | 1 2 3 4 |  4.9
Spellcasting   | 1 2 3 4 |  4.9
Conjurations   | 1 2 3 4 |  4.0
Hexes          | 1 2 3 4 |  4.0
Charms         | 1 2 3 4 |  4.0
Summonings     | 1 2 3 4 |  4.0
Necromancy     | 1 2 3 4 |  4.0
Translocations | 1 2 3 4 |  4.0
Fire Magic     | 1 2 3 4 |  4.0
Air Magic      | 1 2 3 4 |  4.0
Earth Magic    | 1 2 3 4 |  4.0
Poison Magic   | 1 2 3 4 |  4.0
Fighting       | 3 4 5 |  5.6
Ice Magic      | 4 5 |  5.6
Evocations     | 3 4 5 |  5.6
Stealth        | 3 4 5 |  5.5
Axes           | 5 6 |  6.8
Armour         | 5 6 |  6.8

Action                   |  1- 3 |  4- 6 |  7- 9 | 10-12 || total
-------------------------+-------+-------+-------+-------++-------
Melee: Hand axe          |    89 |       |       |       ||    89
       Bite              |    10 |    14 |    23 |    12 ||    59
       Short sword       |     3 |       |     8 |     9 ||    20
       Falchion          |    16 |   143 |       |       ||   159
       Punch             |       |     1 |     2 |       ||     3
       War axe           |       |    13 |   159 |       ||   172
       Scimitar          |       |       |    31 |    44 ||    75
 Cast: Ozocubu's Armour  |       |       |     1 |       ||     1
Evoke: Deck              |       |       |     8 |       ||     8
       Wand              |       |       |     6 |       ||     6
  Use: Scroll            |       |     7 |     4 |     7 ||    18
       Potion            |       |     3 |    10 |     2 ||    15
 Stab: Sleeping          |     3 |     2 |     8 |     1 ||    14
       Distracted        |       |       |     3 |       ||     3
       Paralysed         |       |       |     9 |       ||     9
  Eat: Chunk             |     2 |     9 |     8 |     1 ||    20
       Ration            |       |       |     1 |       ||     1
Armor: Robe              |    19 |       |       |       ||    19
       Leather armour    |    18 |    41 |    25 |       ||    84
       Ring mail         |       |       |    13 |    24 ||    37
Dodge: Dodged            |    93 |   110 |   141 |    49 ||   393
Block: Shield            |       |       |    42 |    46 ||    88
       Rpst.: Falchion   |     7 |    33 |       |       ||    40
       Scimitar          |       |       |     3 |    19 ||    22

Table legend:
 A = Spawn XP
 B = Non-spawn XP
 C = Spawn XP percentage of total XP
 D = Spawn monster count
 E = Non-spawn monster count
 F = Spawn count percentage of total count
 G = Total turns spent on level
                    A         B        C        D         E        F      G
               +---------+---------+-------+---------+---------+-------+---------
         Total |       0 |    5233 |   0.0 |       0 |     167 |   0.0 |  8248
               +---------+---------+-------+---------+---------+-------+---------
           D:1 |       0 |      43 |   0.0 |       0 |      20 |   0.0 |  1097
           D:2 |       0 |     111 |   0.0 |       0 |      29 |   0.0 |  1498
           D:3 |       0 |      55 |   0.0 |       0 |      17 |   0.0 |   877
           D:4 |       0 |     467 |   0.0 |       0 |      13 |   0.0 |  1152
           D:5 |       0 |    1066 |   0.0 |       0 |      33 |   0.0 |   619
           D:6 |       0 |     792 |   0.0 |       0 |      25 |   0.0 |  1445
           D:7 |       0 |    2539 |   0.0 |       0 |      18 |   0.0 |  1017
         Sewer |       0 |     160 |   0.0 |       0 |      12 |   0.0 |   487
               +---------+---------+-------+---------+---------+-------+---------
